 Dungeon Crawl Stone Soup version 0.31.0-2-g5a2aebc5c2 (webtiles) character file.

Game seed: 5949339948571385382

966 Arctor the Shooter (level 8, -1/48 HPs)
             Began as a Kobold Hexslinger on Jan 20, 2024.
             Slain by Menkaure (19 damage)
             ... on level 6 of the Dungeon.
             The game lasted 00:02:53 (4262 turns).

Arctor the Shooter (Kobold Hexslinger)              Turns: 4262, Time: 00:02:53

Health: -1/48      AC:  6    Str:  6    XL:     8   Next: 38%
Magic:  4/4        EV: 17    Int: 14    God:
Gold:   273        SH:  0    Dex: 19    Spells: 14/14 levels left

rFire   + . .        p - +6 long sword of Cocytus {antimagic, rCorr}
rCold   + . .        (no shield)
rNeg    + . .        c - +0 robe
rPois   +            m - +2 hat
rElec   +            l - +0 cloak
rCorr   +            (no gloves)
SInv    .            o - +0 pair of boots
Will    .....        r - amulet of the acrobat
Stlth   +++          k - ring of positive energy
HPRegen 0.28/turn    (no ring)
MPRegen 0.09/turn

%: acrobat
@: resistant, hasted, very quick
A: small, no large weapons, nightstalker 3
a: no special abilities


You were on level 6 of the Dungeon.
You visited 1 branch of the dungeon, and saw 6 of its levels.

You collected 273 gold pieces.

Inventory:

Hand Weapons
 a - a +1 sling
 p - the +6 long sword of Cocytus (weapon) {antimagic, rCorr}
   (You found it on level 3 of the Dungeon)

   rCorr:     It protects you from acid and corrosion.
Armour
 c - a +0 robe (worn)
 l - a +0 cloak (worn)
 m - a +2 hat (worn)
 o - a +0 pair of boots (worn)
Jewellery
 k - a ring of positive energy (left hand)
 r - an amulet of the acrobat (around neck)
Wands
 q - a wand of iceblast (7)
 s - a wand of acid (3)
 u - a wand of charming (9)
Scrolls
 b - a scroll of poison
 d - 4 scrolls of revelation {unknown}
 e - 5 scrolls of teleportation {unknown}
 g - 4 scrolls of identify {unknown}
 n - 3 scrolls of vulnerability {unknown}
 t - a scroll of immolation {unknown}
 y - 2 scrolls of blinking {unknown}
 z - a scroll of butterflies {unknown}
Potions
 i - a potion of curing
 j - a potion of heal wounds {unknown}
 v - 3 potions of mutation {unknown}
 w - a potion of magic {unknown}
 x - a potion of might {unknown}


   Skills:
 + Level 4.1 Fighting
 + Level 2.5 Long Blades
 + Level 5.6 Ranged Weapons
 + Level 5.0 Dodging
 + Level 3.6 Spellcasting
 + Level 4.6 Hexes
 - Level 1.8 Fire Magic


You had 14 spell levels left.
You didn't know any spells.
Your spell library contained the following spells:

 Spells                   Type           Power      Damage    Failure   Level
 Jinxbite                 Hex            30%        N/A       4%          2
 Sigil of Binding         Hex            15%        N/A       9%          3
 Tukima's Dance           Hex            15%        N/A       9%          3
 Inner Flame              Hex/Fire       11%        N/A       16%         3
 Summon Small Mammal      Summ           8%         N/A       21%         1
 Cause Fear               Hex            7%         N/A       30%         4
 Call Canine Familiar     Summ           2%         N/A       52%         3
 Dimensional Bullseye     Hex/Tloc       4%         N/A       61%         4
 Summon Blazeheart Golem  Fire/Summ      5%         N/A       80%         4
 Passage of Golubria      Tloc           2%         N/A       90%         4
 Yara's Violent Unravell  Hex/Alch       4%         3d4       91%         5
 Irradiate                Conj/Alch      1%         3d12      99%         5
 Ignition                 Fire           3%         3d4       100%        8


Dungeon Overview and Level Annotations

Branches:
Dungeon (6/15)
 Temple: D:4-7

Altars:
Gozag
Nemelex Xobeh

Annotations:
D:6 Menkaure


Innate Abilities, Weirdness & Mutations

You are small and have problems with some larger weapons.
You are completely attuned to the shadows.


Message History

Search for what [Enter for "altar", or ? for help]? artifact Search for what [Enter for "artifact", or ? for help]? ego Unknown command.
Search for what [Enter for "ego", or ? for help]? gloves Can't find anything matching that.
What level of the Dungeon? (default 5, ? - help)
There is an open door here.
There is an escape hatch in the floor here.
There is a stone staircase leading down here.
You climb downwards.
There is a stone staircase leading up here.
Menkaure is nearby!
Menkaure is nearby!
Menkaure is nearby!
Menkaure shouts!
Menkaure is nearby!
You barely miss Menkaure. Menkaure hits you!!
You barely miss Menkaure. Menkaure hits you!!
* * * LOW HITPOINT WARNING * * *
You are too injured to fight recklessly!
It was a potion of resistance.
You feel protected.
Menkaure casts a spell.
Menkaure seems to speed up.
It was a potion of curing.
You feel better.
You hear a distant slurping noise.
Menkaure completely misses you.
You don't know any spells.
You barely miss Menkaure. Menkaure misses you. x2
Okay, then.
Sorry, you're not good enough to have a special ability.
It was a potion of haste.
You feel yourself speed up. Menkaure hits you but does no damage.
You slash Menkaure!
Menkaure's magic leaks into the air.
Menkaure is moderately damaged.
Menkaure falters for a moment.
You barely miss Menkaure.
Menkaure is moderately damaged.
Menkaure hits you!!
You die...

. ### ..
##.#...
####.@M#
+..<....#
####...##
##.## ###


You could see Menkaure (fast, magic disrupted).

Vanquished Creatures
  Grinder (D:3)
  Sigmund (D:5)
  2 ogres
  3 scorpions (D:5)
  A howler monkey (D:5)
  A hound (D:5)
  3 iguanas (D:5)
  Ijyb (D:3)
  Robin (D:3)
  3 adders
  8 orcs
  8 endoplasms
  4 giant cockroaches
  15 goblins
  3 hobgoblins
  4 jackals (D:3)
  2 kobolds
  3 quokkas
  2 ball pythons (D:1)
  4 bats
  3 frilled lizards
  3 rats
76 creatures vanquished.

Notes
Turn   | Place    | Note
-------+----------+-------------------------------------------
     0 | D:1      | Arctor the Kobold Hexslinger began the quest for the Orb.
     0 | D:1      | Reached XP level 1. HP: 12/12 MP: 2/2
   202 | D:1      | Reached XP level 2. HP: 16/16 MP: 3/3
   912 | D:2      | Reached XP level 3. HP: 19/20 MP: 5/5
  1685 | D:3      | Noticed Robin
  1726 | D:3      | Killed Robin
  1727 | D:3      | Reached XP level 4. HP: 12/26 MP: 6/6
  1838 | D:3      | Identified the +6 long sword of Cocytus {antimagic, rCorr}
  1862 | D:3      | Noticed Grinder
  1984 | D:3      | Paralysed by Grinder for 4 turns
  1989 | D:3      | Killed Grinder
  1990 | D:3      | Reached skill level 1 in Long Blades
  1990 | D:3      | Reached XP level 5. HP: 22/31 MP: 2/8
  1990 | D:3      | Reached XP level 6. HP: 25/36 MP: 3/9
  2137 | D:3      | Noticed Ijyb
  2138 | D:3      | Found an opulent altar of Gozag.
  2138 | D:3      | Found a sparkling altar of Nemelex Xobeh.
  2144 | D:3      | Killed Ijyb
  2710 | D:4      | Noticed an ogre
  2717 | D:4      | Killed an ogre
  2718 | D:4      | Reached XP level 7. HP: 41/41 MP: 3/11
  3465 | D:5      | Entered Level 5 of the Dungeon
  3465 | D:5      | Noticed Sigmund
  3473 | D:5      | Killed Sigmund
  3506 | D:5      | Reached skill level 5 in Ranged Weapons
  3606 | D:5      | Reached XP level 8. HP: 35/48 MP: 4/12
  3818 | D:5      | Reached skill level 5 in Dodging
  4252 | D:6      | Noticed Menkaure
  4262 | D:6      | Slain by Menkaure

Illustrated notes

Levels and vault maps discovered:
D:1:      lemuel_arrival_river_passageway, layout_basic
D:2:      layout_basic
D:3:      layout_basic, grunt_temple_overflow_opulence, uniq_ijyb, uniq_grinder,
          uniq_robin
D:4:      layout_gridville
D:5:      layout_basic, chequers_arboretum, uniq_sigmund
D:6:      layout_loops_corners, uniq_crazy_yiuf_cottage, uniq_menkaure

Skill      XL: |  1  2  3  4  5  6  7  8 |
---------------+-------------------------+-----
Ranged Weapons | 3 4 5 |  5.6
Dodging        | 3 4 5 |  5.0
Fighting       | 2 3 4 |  4.1
Long Blades    | 1 2 |  2.5
Spellcasting   | 2 3 |  3.6
Hexes          | 4 |  4.6
Fire Magic     | |  1.8

Action                     |  1- 3 |  4- 6 |  7- 9 || total
---------------------------+-------+-------+-------++-------
  Melee: Long sword        |       |    44 |    76 ||   120
   Fire: Sling             |    84 |    21 |       ||   105
    Use: Potion            |       |       |     3 ||     3
   Stab: Sleeping          |       |     7 |     5 ||    12
 Armour: Robe              |    29 |    20 |    36 ||    85
  Dodge: Dodged            |    47 |    63 |    65 ||   175
